Jets vs Maple Leafs
Created - 15 décembre 2016 at 19:01
Goals
|
| Jets |
0 |
2 |
0 |
2 |
| Maple Leafs |
3 |
1 |
1 |
5 |
|
Shots
|
| Jets |
12 |
15 |
8 |
35 |
| Maple Leafs |
11 |
3 |
17 |
31 |
|
1st period
1. Maple Leafs , Alexander Frolov 9 (Claude Giroux, Marc-Édouard Vlasic) at 14:36
2. Maple Leafs , Colby Armstrong 6 (Rob Schremp, Eric Nystrom) at 17:29
3. Maple Leafs , Jordan Staal 5 (Fabian Brunnstrom, Tobias Enstrom) at 18:00
Penalties :
Paul Gaustad (Win) for Hooking (Minor) at 6:48
2nd period
4. Jets , Derek Roy 11 (Benoit Pouliot) at 3:54 (PP)
5. Jets , Dustin Brown 7 (Derek Roy, Benoit Pouliot) at 12:02 (PP)
6. Maple Leafs , Colby Armstrong 7 (Eric Nystrom) at 14:50
Penalties :
Michael Grabner (Tor) for Hooking (Minor) at 2:55, Tyler Myers (Win) for Hooking (Minor) at 4:18, Blake Comeau (Tor) for Hooking (Minor) at 11:56, Eric Nystrom (Tor) for Interference (Minor) at 17:08
3rd period
7. Maple Leafs , Evgeni Malkin 15 (Claude Giroux) at 13:55
Penalties :
Tobias Enstrom (Tor) for Interference (Minor) at 3:03, Evgeni Malkin (Tor) for Elbowing (Minor) at 10:43, Benoit Pouliot (Win) for Hooking (Minor) at 13:58, Tyler Myers (Win) for Boarding (Minor) at 15:07, Evgeni Malkin (Tor) for Slashing (Minor) at 18:09
Goalie Stats
Kari Lehtonen (Win), 10 saves from 14 shots - (0,714), L, 7-10-1, 34:50 minutes
Jacob Markstrom (Win), 16 saves from 17 shots - (0,941), 25:10 minutes
Marc-André Fleury (Tor), 33 saves from 35 shots - (0,943), W, 12-6-5, 60:00 minutes
Players Stats for Jets
Player Name G A P +/- PIM S H SB GA TA FO MP PP MP PK MP
------------------------------------------------------------------------------------
Anton Volchenkov 0 0 0 -2 0 1 2 0 2 2 0/0 25:51 5:34 4:15
Benoit Pouliot 0 2 2 -1 2 1 3 0 2 0 2/2 20:24 5:07 1:10
Blake Wheeler 0 0 0 -1 0 2 2 0 0 0 3/3 21:46 3:45 2:24
Brent Seabrook 0 0 0 -2 0 4 1 1 0 0 0/0 24:51 5:34 2:08
Derek Roy 1 1 2 -1 0 7 3 0 1 0 15/34 23:05 5:07 3:20
Derek Stepan 0 0 0 -1 0 2 2 0 0 0 3/6 9:59 0:00 0:00
Dmitri Kalinin 0 0 0 -1 0 1 2 0 1 2 0/0 19:24 3:18 3:22
Dustin Brown 1 0 1 -3 0 3 3 1 0 1 0/1 18:47 5:04 1:44
Eric Fehr 0 0 0 0 0 0 0 1 0 1 1/2 7:30 0:03 0:00
Eric Gelinas 0 0 0 -1 0 0 0 2 0 0 0/0 11:44 0:00 0:36
Fredrik Sjostrom 0 0 0 0 0 0 0 0 0 0 0/0 7:28 0:00 0:13
Jussi Jokinen 0 0 0 -3 0 2 1 0 1 0 0/0 14:51 3:45 0:00
Lee Stempniak 0 0 0 -1 0 4 1 0 0 0 0/0 9:59 0:00 0:00
Marco Scandella 0 0 0 -2 0 1 1 1 1 0 0/0 17:07 0:00 1:54
Michael Rupp 0 0 0 -1 0 1 2 0 1 1 0/0 13:19 0:00 3:20
Mikko Koivu 0 0 0 -3 0 1 1 0 1 0 7/13 16:04 3:45 1:11
Paul Gaustad 0 0 0 0 2 0 0 0 0 0 1/3 7:34 0:00 0:00
Tyler Myers 0 0 0 -2 4 5 0 3 0 1 0/0 22:17 3:18 1:56
Players Stats for Maple Leafs
Player Name G A P +/- PIM S H SB GA TA FO MP PP MP PK MP
------------------------------------------------------------------------------------
Alexander Frolov 1 0 1 2 0 2 1 0 0 0 2/2 20:56 3:55 2:51
Blake Comeau 0 0 0 0 2 2 1 0 2 0 4/4 11:50 0:13 2:29
Braydon Coburn 0 0 0 3 0 0 0 1 0 2 0/0 28:19 4:26 5:39
Claude Giroux 0 2 2 2 0 1 0 1 3 0 1/1 23:53 3:55 5:47
Colby Armstrong 2 0 2 2 0 4 2 0 0 0 0/1 12:18 2:58 0:00
Eric Nystrom 0 2 2 2 2 2 1 1 0 0 2/2 10:15 0:13 0:08
Evgeni Malkin 1 0 1 2 4 3 1 1 0 1 15/36 21:06 3:55 3:21
Fabian Brunnstrom 0 1 1 1 0 1 0 1 1 0 1/1 14:49 2:58 0:00
Jamie McBain 0 0 0 0 0 3 1 1 0 0 0/0 11:45 0:00 0:00
Jordan Staal 1 0 1 1 0 3 1 0 0 0 5/12 17:51 2:58 3:01
Justin Abdelkader 0 0 0 0 0 1 0 0 0 0 0/0 8:06 0:00 0:00
Justin Schultz 0 0 0 0 0 0 1 2 0 1 0/0 12:58 0:00 1:11
Marc-Édouard Vlasic 0 1 1 2 0 2 3 0 0 2 0/0 19:56 2:40 3:13
Michael Grabner 0 0 0 1 2 2 0 0 0 1 0/0 12:47 0:13 0:00
Rob Schremp 0 1 1 2 0 1 1 0 1 2 0/1 9:04 0:00 0:07
Taylor Chorney 0 0 0 2 0 0 1 1 0 0 0/0 19:56 2:40 3:13
Tobias Enstrom 0 1 1 3 2 3 1 1 0 1 0/0 27:07 4:26 4:28
Zac Dalpe 0 0 0 0 0 1 0 0 1 0 2/4 8:06 0:00 0:00
3 Stars
1 - Colby Armstrong (Tor)
2 - Derek Roy (Win)
3 - Alexander Frolov (Tor)
Power Play
Jets - 2 on 6 Attempt(s) - 33,33%
Maple Leafs - 0 on 4 Attempt(s) - 0,00%
Penalty Kill
Jets - 4 on 4 Attempt(s) - 100,00%
- Score 0 goal in Penalty Kill
Maple Leafs - 4 on 6 Attempt(s) - 66,67%
- Score 0 goal in Penalty Kill
Team Stat
Jets - Hits : 24 - Faceoff Wins : 32 - Blocked Shots : 9 - Penalty Minutes : 8
Maple Leafs - Hits : 15 - Faceoff Wins : 32 - Blocked Shots : 10 - Penalty Minutes : 12
Official
Referees : Peel Tim and Auger Stephane
Linesman : Mark Wheler and Michel Cormier
Game Notes
Jacob Markstrom enters game at 14:50 of 2nd period
Finance
Level 1 -- Attendance: 4215 (70,25%) -- Ticket Income 421 500 $
Level 2 -- Attendance: 3096 (61,92%) -- Ticket Income 201 240 $
Level 3 -- Attendance: 1166 (58,30%) -- Ticket Income 48 972 $
Level 4 -- Attendance: 2216 (55,40%) -- Ticket Income 66 480 $
Luxury Box -- Attendance: 732 (73,20%) -- Ticket Income 135 420 $
Game was played at the Maple Leafs Garden.
Total Attendance: 11425 (63,47%)
Total Ticket Income: 873 612 $
Other Income: 131 042 $
Total Income: 1 004 654 $
Jets
5 vs 5 Forward
Center Left Wing Right Wing Time % Phy DF OF
1 Derek Roy Benoit Pouliot Blake Wheeler 35 1 1 3
2 Mikko Koivu Jussi Jokinen Dustin Brown 30 1 1 3
3 Derek Stepan Michael Rupp Lee Stempniak 23 1 1 3
4 Paul Gaustad Fredrik Sjostrom Eric Fehr 12 1 2 2
5 vs 5 Defense
Defense Defense Time % Phy DF OF
1 Brent Seabrook Tyler Myers 35 1 2 2
2 Anton Volchenkov Marco Scandella 30 1 2 2
3 Dmitri Kalinin Eric Gelinas 25 1 2 2
4 Anton Volchenkov Marco Scandella 10 1 2 2
PowerPlay Forward
Center Left Wing Right Wing Time % Phy DF OF
1 Derek Roy Benoit Pouliot Dustin Brown 60 0 0 5
2 Mikko Koivu Jussi Jokinen Blake Wheeler 40 0 0 5
PowerPlay Defense
Defense Defense Time % Phy DF OF
1 Anton Volchenkov Brent Seabrook 60 0 1 4
2 Dmitri Kalinin Tyler Myers 40 0 1 4
Penalty Kill 4 Players Forward
Center Wing Time % Phy DF OF
1 Derek Roy Michael Rupp 60 0 5 0
2 Dustin Brown Blake Wheeler 40 0 5 0
Penalty Kill 4 Players Defense
Defense Defense Time % Phy DF OF
1 Anton Volchenkov Tyler Myers 60 0 5 0
2 Dmitri Kalinin Marco Scandella 40 0 5 0
Penalty Kill - 3 Players Forward
Forward Time % Phy DF OF
1 Blake Wheeler 55 0 4 1
2 Dustin Brown 45 0 4 1
Penalty Kill - 3 Players Defense
Defense Defense Time % Phy DF OF
1 Anton Volchenkov Tyler Myers 55 0 5 0
2 Dmitri Kalinin Marco Scandella 45 0 5 0
4 vs 4 Forward
Center Wing Time % Phy DF OF
1 Derek Roy Benoit Pouliot 60 1 1 3
2 Mikko Koivu Dustin Brown 40 1 1 3
4 vs 4 Defense
Defense Defense Time % Phy DF OF
1 Brent Seabrook Anton Volchenkov 60 0 3 2
2 Dmitri Kalinin Marco Scandella 40 0 3 2
Last Minutes Offensive
Center Left Wing Right Wing Defense Defense
Derek Roy Benoit Pouliot Dustin Brown Brent Seabrook Anton Volchenkov
Last Minutes Defensive
Center Left Wing Right Wing Defense Defense
Derek Roy Michael Rupp Blake Wheeler Tyler Myers Anton Volchenkov
Goaltenders
Starting : Kari Lehtonen
Backup : Jacob Markstrom
Extra Forwards
Normal : Derek Roy, Dustin Brown, Benoit Pouliot - PP : Blake Wheeler, Derek Roy - PK : Derek Roy
Extra Defensemen
Normal : Dmitri Kalinin, Brent Seabrook, Anton Volchenkov - PP : Anton Volchenkov - PK : Dmitri Kalinin, Anton Volchenkov
Penalty Shots
Benoit Pouliot, Derek Roy, Blake Wheeler, Dustin Brown, Mikko Koivu
Maple Leafs
5 vs 5 Forward
Center Left Wing Right Wing Time % Phy DF OF
1 Evgeni Malkin Alexander Frolov Claude Giroux 40 1 2 2
2 Jordan Staal Fabian Brunnstrom Michael Grabner 30 1 2 2
3 Rob Schremp Eric Nystrom Colby Armstrong 20 1 2 2
4 Zac Dalpe Justin Abdelkader Blake Comeau 10 1 2 2
5 vs 5 Defense
Defense Defense Time % Phy DF OF
1 Tobias Enstrom Braydon Coburn 40 1 2 2
2 Taylor Chorney Marc-Édouard Vlasic 30 1 2 2
3 Jamie McBain Justin Schultz 20 1 2 2
4 Tobias Enstrom Braydon Coburn 10 1 2 2
PowerPlay Forward
Center Left Wing Right Wing Time % Phy DF OF
1 Evgeni Malkin Alexander Frolov Claude Giroux 60 1 2 2
2 Jordan Staal Fabian Brunnstrom Colby Armstrong 40 1 2 2
PowerPlay Defense
Defense Defense Time % Phy DF OF
1 Tobias Enstrom Braydon Coburn 60 1 2 2
2 Taylor Chorney Marc-Édouard Vlasic 40 1 2 2
Penalty Kill 4 Players Forward
Center Wing Time % Phy DF OF
1 Evgeni Malkin Claude Giroux 60 1 2 2
2 Jordan Staal Alexander Frolov 40 1 2 2
Penalty Kill 4 Players Defense
Defense Defense Time % Phy DF OF
1 Tobias Enstrom Braydon Coburn 60 1 2 2
2 Taylor Chorney Marc-Édouard Vlasic 40 1 2 2
Penalty Kill - 3 Players Forward
Forward Time % Phy DF OF
1 Evgeni Malkin 60 1 2 2
2 Jordan Staal 40 1 2 2
Penalty Kill - 3 Players Defense
Defense Defense Time % Phy DF OF
1 Tobias Enstrom Braydon Coburn 60 1 2 2
2 Taylor Chorney Marc-Édouard Vlasic 40 1 2 2
4 vs 4 Forward
Center Wing Time % Phy DF OF
1 Evgeni Malkin Claude Giroux 60 1 2 2
2 Jordan Staal Alexander Frolov 40 1 2 2
4 vs 4 Defense
Defense Defense Time % Phy DF OF
1 Tobias Enstrom Braydon Coburn 60 1 2 2
2 Taylor Chorney Marc-Édouard Vlasic 40 1 2 2
Last Minutes Offensive
Center Left Wing Right Wing Defense Defense
Evgeni Malkin Alexander Frolov Claude Giroux Tobias Enstrom Braydon Coburn
Last Minutes Defensive
Center Left Wing Right Wing Defense Defense
Evgeni Malkin Alexander Frolov Claude Giroux Tobias Enstrom Braydon Coburn
Goaltenders
Starting : Marc-André Fleury
Backup : Alex Stalock
Extra Forwards
Normal : Michael Grabner, Eric Nystrom, Blake Comeau - PP : Michael Grabner, Eric Nystrom - PK : Blake Comeau
Extra Defensemen
Normal : Jamie McBain, Justin Schultz, Taylor Chorney - PP : Jamie McBain - PK : Justin Schultz, Taylor Chorney
Penalty Shots
Claude Giroux, Evgeni Malkin, Alexander Frolov, Jordan Staal, Fabian Brunnstrom
% Time on Ice - Jets
Lines # - Real PCT - Wanted PCT - Time Play
Normal Forward
1 - 32% - 35% - 14:08
2 - 29% - 30% - 12:40
3 - 23% - 23% - 9:59
4 - 16% - 12% - 7:15
Normal Defense
1 - 37% - 35% - 16:23
2 - 31% - 30% - 13:27
3 - 25% - 25% - 11:08
4 - 7% - 10% - 3:04
PP Forward
1 - 58% - 60% - 5:07
2 - 42% - 40% - 3:45
PP Defense
1 - 63% - 60% - 5:34
2 - 37% - 40% - 3:18
PK Forward
1 - 75% - 60% - 4:43
2 - 25% - 40% - 1:33
PK Defense
1 - 70% - 60% - 4:22
2 - 30% - 40% - 1:54
PK3 Forward
1 - 78% - 55% - 0:39
2 - 22% - 45% - 0:11
PK3 Defense
1 - 100% - 55% - 0:50
2 - 0% - 45% - 0:00
44 Forward
1 - 0% - 60%
2 - 0% - 40%
44 Defense
1 - 0% - 60%
2 - 0% - 40%
Last Minute Offensive - 0:00
Last Minute Defensive - 0:00
Total
Forward - 60:00
Defense - 60:00
|
% Time on Ice - Maple Leafs
Lines # - Real PCT - Wanted PCT - Time Play
Normal Forward
1 - 34% - 40% - 15:08
2 - 27% - 30% - 11:51
3 - 20% - 20% - 8:57
4 - 18% - 10% - 8:06
Normal Defense
1 - 39% - 40% - 17:08
2 - 32% - 30% - 14:03
3 - 27% - 20% - 11:45
4 - 2% - 10% - 1:06
PP Forward
1 - 57% - 60% - 4:01
2 - 43% - 40% - 3:05
PP Defense
1 - 62% - 60% - 4:26
2 - 38% - 40% - 2:40
PK Forward
1 - 90% - 60% - 8:00
2 - 10% - 40% - 0:52
PK Defense
1 - 64% - 60% - 5:39
2 - 36% - 40% - 3:13
PK3 Forward
1 - 0% - 60%
2 - 0% - 40%
PK3 Defense
1 - 0% - 60%
2 - 0% - 40%
44 Forward
1 - 0% - 60%
2 - 0% - 40%
44 Defense
1 - 0% - 60%
2 - 0% - 40%
Last Minute Offensive - 0:00
Last Minute Defensive - 0:00
Total
Forward - 60:00
Defense - 60:00
|
Play by Play
1st period
0:01 of 1st period - Evgeni Malkin wins face-off versus Derek Roy in neutral zone.
0:21 of 1st period - Icing by Alexander Frolov.
0:22 of 1st period - Mikko Koivu wins face-off versus Evgeni Malkin in Maple Leafs zone.
1:58 of 1st period - Snap shot by Dustin Brown.
1:58 of 1st period - Shot Blocked by Taylor Chorney.
2:20 of 1st period - Eric Nystrom is hit by Lee Stempniak and loses puck.
2:48 of 1st period - Blake Wheeler is hit by Marc-Édouard Vlasic and loses puck.
3:10 of 1st period - Icing by Paul Gaustad.
3:11 of 1st period - Evgeni Malkin wins face-off versus Paul Gaustad in Jets zone.
3:20 of 1st period - Snap shot by Alexander Frolov.
3:20 of 1st period - Stopped by Kari Lehtonen without a rebound.
3:21 of 1st period - Evgeni Malkin wins face-off versus Dustin Brown in Jets zone.
3:26 of 1st period - Slapshot by Evgeni Malkin.
3:26 of 1st period - Stopped by Kari Lehtonen with a rebound.
3:49 of 1st period - Icing by Claude Giroux.
3:50 of 1st period - Alexander Frolov wins face-off versus Derek Stepan in Maple Leafs zone.
3:55 of 1st period - Wrist shot by Michael Grabner.
3:55 of 1st period - Shot Misses the Net.
3:57 of 1st period - Wrist shot by Michael Grabner.
3:57 of 1st period - Stopped by Kari Lehtonen with a rebound.
3:59 of 1st period - Slapshot by Jordan Staal.
3:59 of 1st period - Shot Blocked by Marco Scandella.
4:01 of 1st period - Wrist shot by Braydon Coburn.
4:01 of 1st period - Deflect By Jordan Staal.
4:01 of 1st period - Shot Misses the Net.
4:01 of 1st period - Puck is out of play.
4:02 of 1st period - Blake Wheeler wins face-off versus Rob Schremp in Jets zone.
4:15 of 1st period - Snap shot by Rob Schremp.
4:15 of 1st period - Shot Misses the Net.
4:17 of 1st period - Snap shot by Rob Schremp.
4:17 of 1st period - Shot Misses the Net.
5:19 of 1st period - Marc-Édouard Vlasic is hit by Derek Stepan and loses puck.
5:34 of 1st period - Blake Comeau is hit by Brent Seabrook and loses puck.
6:48 of 1st period - Minor Penalty to Paul Gaustad for Hooking.
6:49 of 1st period - Derek Roy wins face-off versus Evgeni Malkin in Jets zone.
6:56 of 1st period - Snap shot by Evgeni Malkin.
6:56 of 1st period - Shot Blocked by Tyler Myers.
6:58 of 1st period - Snap shot by Claude Giroux.
6:58 of 1st period - Shot Misses the Net.
7:00 of 1st period - Slapshot by Tobias Enstrom.
7:00 of 1st period - Shot Misses the Net.
7:02 of 1st period - Slapshot by Tobias Enstrom.
7:02 of 1st period - Stopped by Kari Lehtonen with a rebound.
7:04 of 1st period - Slapshot by Tobias Enstrom.
7:04 of 1st period - Stopped by Kari Lehtonen without a rebound.
7:05 of 1st period - Derek Roy wins face-off versus Evgeni Malkin in Jets zone.
8:48 of 1st period - Penalty to Paul Gaustad is over, Paul Gaustad is back on ice.
9:13 of 1st period - Brent Seabrook is hit by Rob Schremp and loses puck.
9:50 of 1st period - Fabian Brunnstrom is hit by Michael Rupp and loses puck.
10:03 of 1st period - Anton Volchenkov is hit by Taylor Chorney.
10:15 of 1st period - Dustin Brown is hit by Evgeni Malkin.
10:33 of 1st period - Slapshot by Anton Volchenkov.
10:33 of 1st period - Shot Blocked by Braydon Coburn.
11:03 of 1st period - Paul Gaustad is hit by Colby Armstrong and loses puck.
11:56 of 1st period - Snap shot by Rob Schremp.
11:56 of 1st period - Shot Blocked by Eric Gelinas.
11:58 of 1st period - Slapshot by Jamie McBain.
11:58 of 1st period - Deflect By Rob Schremp.
11:58 of 1st period - Shot Blocked by Eric Gelinas.
11:58 of 1st period - Puck is out of play.
11:59 of 1st period - Eric Nystrom wins face-off versus Eric Fehr in Jets zone.
12:04 of 1st period - Wrist shot by Eric Nystrom.
12:04 of 1st period - Shot Misses the Net.
13:29 of 1st period - Snap shot by Derek Stepan.
13:29 of 1st period - Deflect By Lee Stempniak.
13:29 of 1st period - Stopped by Marc-André Fleury with a rebound.
13:31 of 1st period - Slapshot by Michael Rupp.
13:31 of 1st period - Stopped by Marc-André Fleury with a rebound.
13:33 of 1st period - Wrist shot by Michael Rupp.
13:33 of 1st period - Shot Misses the Net.
13:35 of 1st period - Wrist shot by Derek Stepan.
13:35 of 1st period - Stopped by Marc-André Fleury without a rebound.
13:36 of 1st period - Derek Roy wins face-off versus Jordan Staal in Maple Leafs zone.
13:37 of 1st period - Wrist shot by Blake Wheeler.
13:37 of 1st period - Shot Misses the Net.
14:34 of 1st period - Snap shot by Claude Giroux.
14:34 of 1st period - Shot Blocked by Dustin Brown.
14:36 of 1st period - Wrist shot by Alexander Frolov.
14:36 of 1st period - Goal by Alexander Frolov - Jets : 0 - Maple Leafs : 1.
14:37 of 1st period - Mikko Koivu wins face-off versus Evgeni Malkin in neutral zone.
15:04 of 1st period - Jordan Staal is hit by Benoit Pouliot.
15:10 of 1st period - Snap shot by Brent Seabrook.
15:10 of 1st period - Stopped by Marc-André Fleury without a rebound.
15:11 of 1st period - Jordan Staal wins face-off versus Derek Roy in Maple Leafs zone.
15:24 of 1st period - Snap shot by Jordan Staal.
15:24 of 1st period - Shot Blocked by Tyler Myers.
15:59 of 1st period - Snap shot by Marc-Édouard Vlasic.
15:59 of 1st period - Deflect By Anton Volchenkov.
15:59 of 1st period - Stopped by Kari Lehtonen with a rebound.
16:01 of 1st period - Wrist shot by Eric Nystrom.
16:01 of 1st period - Stopped by Kari Lehtonen with a rebound.
17:23 of 1st period - Snap shot by Eric Nystrom.
17:23 of 1st period - Shot Misses the Net.
17:25 of 1st period - Snap shot by Colby Armstrong.
17:25 of 1st period - Stopped by Kari Lehtonen with a rebound.
17:27 of 1st period - Snap shot by Rob Schremp.
17:27 of 1st period - Shot Blocked by Tyler Myers.
17:29 of 1st period - Snap shot by Rob Schremp.
17:29 of 1st period - Deflect By Colby Armstrong.
17:29 of 1st period - Goal by Colby Armstrong - Jets : 0 - Maple Leafs : 2.
17:30 of 1st period - Derek Roy wins face-off versus Evgeni Malkin in neutral zone.
17:33 of 1st period - Evgeni Malkin is hit by Derek Roy and loses puck.
17:38 of 1st period - Snap shot by Benoit Pouliot.
17:38 of 1st period - Shot Misses the Net.
17:40 of 1st period - Snap shot by Blake Wheeler.
17:40 of 1st period - Stopped by Marc-André Fleury with a rebound.
17:42 of 1st period - Backhand shot by Derek Roy.
17:42 of 1st period - Shot Misses the Net.
17:46 of 1st period - Backhand shot by Derek Roy.
17:46 of 1st period - Stopped by Marc-André Fleury without a rebound.
17:47 of 1st period - Mikko Koivu wins face-off versus Jordan Staal in Maple Leafs zone.
17:48 of 1st period - Wrist shot by Jussi Jokinen.
17:48 of 1st period - Stopped by Marc-André Fleury with a rebound.
18:00 of 1st period - Wrist shot by Jordan Staal.
18:00 of 1st period - Goal by Jordan Staal - Jets : 0 - Maple Leafs : 3.
18:01 of 1st period - Derek Roy wins face-off versus Evgeni Malkin in neutral zone.
18:04 of 1st period - Backhand shot by Tyler Myers.
18:04 of 1st period - Stopped by Marc-André Fleury with a rebound.
18:29 of 1st period - Snap shot by Lee Stempniak.
18:29 of 1st period - Deflect By Jordan Staal.
18:29 of 1st period - Stopped by Marc-André Fleury with a rebound.
19:13 of 1st period - Slapshot by Tyler Myers.
19:13 of 1st period - Stopped by Marc-André Fleury with a rebound.
19:15 of 1st period - Wrist shot by Tyler Myers.
19:15 of 1st period - Stopped by Marc-André Fleury with a rebound.
19:43 of 1st period - Wrist shot by Derek Roy.
19:43 of 1st period - Stopped by Marc-André Fleury with a rebound.
Goals for this period are 0 for Jets vs 3 for Maple Leafs.
Shots for this period are 12 for Jets vs 11 for Maple Leafs.
2nd period
0:01 of 2nd period - Evgeni Malkin wins face-off versus Derek Roy in neutral zone.
0:06 of 2nd period - Wrist shot by Claude Giroux.
0:06 of 2nd period - Shot Misses the Net.
0:12 of 2nd period - Braydon Coburn is hit by Marco Scandella and loses puck.
1:55 of 2nd period - Snap shot by Fabian Brunnstrom.
1:55 of 2nd period - Shot Misses the Net.
1:57 of 2nd period - Wrist shot by Jordan Staal.
1:57 of 2nd period - Stopped by Kari Lehtonen with a rebound.
1:59 of 2nd period - Snap shot by Fabian Brunnstrom.
1:59 of 2nd period - Stopped by Kari Lehtonen without a rebound.
2:00 of 2nd period - Fabian Brunnstrom wins face-off versus Derek Roy in Jets zone.
2:18 of 2nd period - Off-side.
2:19 of 2nd period - Evgeni Malkin wins face-off versus Mikko Koivu in neutral zone.
2:28 of 2nd period - Snap shot by Evgeni Malkin.
2:28 of 2nd period - Shot Misses the Net.
2:36 of 2nd period - Snap shot by Dustin Brown.
2:36 of 2nd period - Stopped by Marc-André Fleury without a rebound.
2:37 of 2nd period - Derek Roy wins face-off versus Jordan Staal in Maple Leafs zone.
2:42 of 2nd period - Slapshot by Derek Roy.
2:42 of 2nd period - Stopped by Marc-André Fleury with a rebound.
2:44 of 2nd period - Wrist shot by Blake Wheeler.
2:44 of 2nd period - Shot Blocked by Fabian Brunnstrom.
2:46 of 2nd period - Snap shot by Dmitri Kalinin.
2:46 of 2nd period - Stopped by Marc-André Fleury without a rebound.
2:47 of 2nd period - Derek Roy wins face-off versus Jordan Staal in Maple Leafs zone.
2:55 of 2nd period - Minor Penalty to Michael Grabner for Hooking.
2:56 of 2nd period - Evgeni Malkin wins face-off versus Derek Roy in Maple Leafs zone.
3:30 of 2nd period - Backhand shot by Brent Seabrook.
3:30 of 2nd period - Stopped by Marc-André Fleury without a rebound.
3:31 of 2nd period - Mikko Koivu wins face-off versus Evgeni Malkin in Maple Leafs zone.
3:44 of 2nd period - Slapshot by Jussi Jokinen.
3:44 of 2nd period - Shot Misses the Net.
3:46 of 2nd period - Slapshot by Tyler Myers.
3:46 of 2nd period - Stopped by Marc-André Fleury without a rebound.
3:47 of 2nd period - Derek Roy wins face-off versus Evgeni Malkin in Maple Leafs zone.
3:52 of 2nd period - Slapshot by Derek Roy.
3:52 of 2nd period - Stopped by Marc-André Fleury with a rebound.
3:54 of 2nd period - Slapshot by Derek Roy.
3:54 of 2nd period - Goal by Derek Roy - Jets : 1 - Maple Leafs : 3.
3:55 of 2nd period - Derek Roy wins face-off versus Evgeni Malkin in neutral zone.
4:18 of 2nd period - Minor Penalty to Tyler Myers for Hooking.
4:19 of 2nd period - Evgeni Malkin wins face-off versus Derek Roy in Jets zone.
6:18 of 2nd period - Penalty to Tyler Myers is over, Tyler Myers is back on ice.
6:28 of 2nd period - Blake Comeau is hit by Dustin Brown and loses puck.
6:42 of 2nd period - Blake Comeau is hit by Dustin Brown.
7:06 of 2nd period - Dustin Brown is hit by Eric Nystrom and loses puck.
7:31 of 2nd period - Slapshot by Dustin Brown.
7:31 of 2nd period - Deflect By Blake Wheeler.
7:31 of 2nd period - Stopped by Marc-André Fleury without a rebound.
7:32 of 2nd period - Evgeni Malkin wins face-off versus Derek Stepan in Maple Leafs zone.
7:59 of 2nd period - Fabian Brunnstrom is hit by Anton Volchenkov and loses puck.
9:26 of 2nd period - Evgeni Malkin is hit by Derek Stepan and loses puck.
10:37 of 2nd period - Fabian Brunnstrom is hit by Anton Volchenkov and loses puck.
10:54 of 2nd period - Anton Volchenkov is hit by Marc-Édouard Vlasic and loses puck.
11:09 of 2nd period - Wrist shot by Claude Giroux.
11:09 of 2nd period - Shot Blocked by Eric Fehr.
11:21 of 2nd period - Jordan Staal is hit by Dustin Brown and loses puck.
11:42 of 2nd period - Tobias Enstrom is hit by Blake Wheeler and loses puck.
11:56 of 2nd period - Minor Penalty to Blake Comeau for Hooking.
11:57 of 2nd period - Derek Roy wins face-off versus Evgeni Malkin in Maple Leafs zone.
12:02 of 2nd period - Slapshot by Dustin Brown.
12:02 of 2nd period - Goal by Dustin Brown - Jets : 2 - Maple Leafs : 3.
12:03 of 2nd period - Evgeni Malkin wins face-off versus Derek Roy in neutral zone.
12:34 of 2nd period - Michael Rupp is hit by Tobias Enstrom.
13:02 of 2nd period - Tyler Myers is hit by Marc-Édouard Vlasic and loses puck.
13:07 of 2nd period - Snap shot by Justin Abdelkader.
13:07 of 2nd period - Shot Misses the Net.
14:04 of 2nd period - Blake Wheeler is hit by Jordan Staal and loses puck.
14:48 of 2nd period - Snap shot by Eric Nystrom.
14:48 of 2nd period - Shot Misses the Net.
14:50 of 2nd period - Wrist shot by Colby Armstrong.
14:50 of 2nd period - Goal by Colby Armstrong - Jets : 2 - Maple Leafs : 4.
14:50 of 2nd period - Jacob Markstrom enters game.
14:51 of 2nd period - Mikko Koivu wins face-off versus Evgeni Malkin in neutral zone.
15:08 of 2nd period - Snap shot by Mikko Koivu.
15:08 of 2nd period - Stopped by Marc-André Fleury without a rebound.
15:09 of 2nd period - Derek Stepan wins face-off versus Jordan Staal in Maple Leafs zone.
15:10 of 2nd period - Snap shot by Lee Stempniak.
15:10 of 2nd period - Stopped by Marc-André Fleury with a rebound.
15:12 of 2nd period - Slapshot by Lee Stempniak.
15:12 of 2nd period - Stopped by Marc-André Fleury with a rebound.
15:16 of 2nd period - Wrist shot by Derek Stepan.
15:16 of 2nd period - Stopped by Marc-André Fleury without a rebound.
15:17 of 2nd period - Jordan Staal wins face-off versus Derek Stepan in Maple Leafs zone.
15:54 of 2nd period - Snap shot by Evgeni Malkin.
15:54 of 2nd period - Shot Misses the Net.
16:10 of 2nd period - Snap shot by Mikko Koivu.
16:10 of 2nd period - Shot Blocked by Justin Schultz.
16:12 of 2nd period - Slapshot by Tyler Myers.
16:12 of 2nd period - Stopped by Marc-André Fleury without a rebound.
16:13 of 2nd period - Jordan Staal wins face-off versus Mikko Koivu in Maple Leafs zone.
16:22 of 2nd period - Marco Scandella is hit by Justin Schultz and loses puck.
16:55 of 2nd period - Slapshot by Derek Roy.
16:55 of 2nd period - Stopped by Marc-André Fleury with a rebound.
17:08 of 2nd period - Minor Penalty to Eric Nystrom for Interference.
17:09 of 2nd period - Derek Roy wins face-off versus Evgeni Malkin in Maple Leafs zone.
17:23 of 2nd period - Wrist shot by Dustin Brown.
17:23 of 2nd period - Shot Misses the Net.
17:25 of 2nd period - Slapshot by Dmitri Kalinin.
17:25 of 2nd period - Shot Misses the Net.
19:08 of 2nd period - Penalty to Eric Nystrom is over, Eric Nystrom is back on ice.
19:52 of 2nd period - Rob Schremp is hit by Dmitri Kalinin.
Goals for this period are 2 for Jets vs 1 for Maple Leafs.
Shots for this period are 15 for Jets vs 3 for Maple Leafs.
3rd period
0:01 of 3rd period - Blake Wheeler wins face-off versus Evgeni Malkin in neutral zone.
0:48 of 3rd period - Slapshot by Tobias Enstrom.
0:48 of 3rd period - Deflect By Anton Volchenkov.
0:48 of 3rd period - Stopped by Jacob Markstrom without a rebound.
0:49 of 3rd period - Derek Stepan wins face-off versus Colby Armstrong in Jets zone.
1:00 of 3rd period - Slapshot by Michael Rupp.
1:00 of 3rd period - Shot Blocked by Eric Nystrom.
1:02 of 3rd period - Slapshot by Marco Scandella.
1:02 of 3rd period - Stopped by Marc-André Fleury without a rebound.
1:03 of 3rd period - Derek Roy wins face-off versus Evgeni Malkin in Maple Leafs zone.
1:54 of 3rd period - Eric Nystrom is hit by Michael Rupp and loses puck.
2:12 of 3rd period - Off-side.
2:13 of 3rd period - Zac Dalpe wins face-off versus Paul Gaustad in neutral zone.
2:22 of 3rd period - Wrist shot by Brent Seabrook.
2:22 of 3rd period - Deflect By Eric Fehr.
2:22 of 3rd period - Shot Blocked by Jamie McBain.
2:22 of 3rd period - Puck is out of play.
2:23 of 3rd period - Benoit Pouliot wins face-off versus Evgeni Malkin in Maple Leafs zone.
2:24 of 3rd period - Snap shot by Derek Roy.
2:24 of 3rd period - Stopped by Marc-André Fleury with a rebound.
2:39 of 3rd period - Off-side.
2:40 of 3rd period - Jordan Staal wins face-off versus Mikko Koivu in neutral zone.
2:54 of 3rd period - Snap shot by Dustin Brown.
2:54 of 3rd period - Stopped by Marc-André Fleury without a rebound.
2:55 of 3rd period - Evgeni Malkin wins face-off versus Derek Roy in Maple Leafs zone.
3:03 of 3rd period - Minor Penalty to Tobias Enstrom for Interference.
3:04 of 3rd period - Claude Giroux wins face-off versus Derek Roy in Maple Leafs zone.
3:08 of 3rd period - Evgeni Malkin is hit by Benoit Pouliot and loses puck.
3:26 of 3rd period - Icing by Brent Seabrook.
3:27 of 3rd period - Derek Roy wins face-off versus Evgeni Malkin in Jets zone.
3:34 of 3rd period - Slapshot by Brent Seabrook.
3:34 of 3rd period - Stopped by Marc-André Fleury without a rebound.
3:35 of 3rd period - Evgeni Malkin wins face-off versus Derek Roy in Maple Leafs zone.
3:46 of 3rd period - Slapshot by Brent Seabrook.
3:46 of 3rd period - Shot Blocked by Justin Schultz.
3:48 of 3rd period - Snap shot by Benoit Pouliot.
3:48 of 3rd period - Shot Blocked by Evgeni Malkin.
5:03 of 3rd period - Penalty to Tobias Enstrom is over, Tobias Enstrom is back on ice.
5:34 of 3rd period - Brent Seabrook is hit by Jamie McBain.
5:56 of 3rd period - Slapshot by Justin Abdelkader.
5:56 of 3rd period - Shot Misses the Net.
5:58 of 3rd period - Slapshot by Jamie McBain.
5:58 of 3rd period - Stopped by Jacob Markstrom without a rebound.
5:59 of 3rd period - Zac Dalpe wins face-off versus Derek Roy in Jets zone.
7:34 of 3rd period - Wrist shot by Blake Comeau.
7:34 of 3rd period - Stopped by Jacob Markstrom with a rebound.
7:36 of 3rd period - Slapshot by Jamie McBain.
7:36 of 3rd period - Stopped by Jacob Markstrom with a rebound.
7:38 of 3rd period - Snap shot by Justin Abdelkader.
7:38 of 3rd period - Stopped by Jacob Markstrom with a rebound.
7:50 of 3rd period - Snap shot by Derek Stepan.
7:50 of 3rd period - Shot Blocked by Claude Giroux.
8:17 of 3rd period - Tobias Enstrom is hit by Mikko Koivu and loses puck.
8:28 of 3rd period - Snap shot by Mikko Koivu.
8:28 of 3rd period - Deflect By Jussi Jokinen.
8:28 of 3rd period - Stopped by Marc-André Fleury without a rebound.
8:29 of 3rd period - Eric Nystrom wins face-off versus Derek Roy in Maple Leafs zone.
8:36 of 3rd period - Wrist shot by Rob Schremp.
8:36 of 3rd period - Stopped by Jacob Markstrom with a rebound.
9:00 of 3rd period - Backhand shot by Brent Seabrook.
9:00 of 3rd period - Stopped by Marc-André Fleury without a rebound.
9:01 of 3rd period - Alexander Frolov wins face-off versus Mikko Koivu in Maple Leafs zone.
9:08 of 3rd period - Slapshot by Claude Giroux.
9:08 of 3rd period - Deflect By Evgeni Malkin.
9:08 of 3rd period - Shot Misses the Net.
9:08 of 3rd period - Puck is out of play.
9:09 of 3rd period - Mikko Koivu wins face-off versus Evgeni Malkin in Jets zone.
9:14 of 3rd period - Wrist shot by Jussi Jokinen.
9:14 of 3rd period - Deflect By Dustin Brown.
9:14 of 3rd period - Shot Blocked by Tobias Enstrom.
9:14 of 3rd period - Puck is out of play.
9:15 of 3rd period - Evgeni Malkin wins face-off versus Derek Roy in Maple Leafs zone.
9:54 of 3rd period - Slapshot by Evgeni Malkin.
9:54 of 3rd period - Stopped by Jacob Markstrom without a rebound.
9:55 of 3rd period - Jordan Staal wins face-off versus Mikko Koivu in Jets zone.
9:58 of 3rd period - Snap shot by Michael Grabner.
9:58 of 3rd period - Stopped by Jacob Markstrom with a rebound.
10:22 of 3rd period - Brent Seabrook is hit by Colby Armstrong and loses puck.
10:31 of 3rd period - Snap shot by Eric Nystrom.
10:31 of 3rd period - Stopped by Jacob Markstrom without a rebound.
10:32 of 3rd period - Derek Stepan wins face-off versus Evgeni Malkin in Jets zone.
10:39 of 3rd period - Slapshot by Anton Volchenkov.
10:39 of 3rd period - Deflect By Evgeni Malkin.
10:39 of 3rd period - Stopped by Marc-André Fleury without a rebound.
10:40 of 3rd period - Evgeni Malkin wins face-off versus Derek Roy in Maple Leafs zone.
10:40 of 3rd period - Evgeni Malkin is hit by Benoit Pouliot.
10:43 of 3rd period - Minor Penalty to Evgeni Malkin for Elbowing.
10:44 of 3rd period - Blake Comeau wins face-off versus Derek Roy in Maple Leafs zone.
11:26 of 3rd period - Snap shot by Benoit Pouliot.
11:26 of 3rd period - Stopped by Marc-André Fleury without a rebound.
11:27 of 3rd period - Blake Comeau wins face-off versus Mikko Koivu in Maple Leafs zone.
11:54 of 3rd period - Marc-Édouard Vlasic is hit by Jussi Jokinen and loses puck.
12:39 of 3rd period - Off-side.
12:40 of 3rd period - Mikko Koivu wins face-off versus Jordan Staal in neutral zone.
12:43 of 3rd period - Penalty to Evgeni Malkin is over, Evgeni Malkin is back on ice.
12:55 of 3rd period - Snap shot by Colby Armstrong.
12:55 of 3rd period - Stopped by Jacob Markstrom with a rebound.
13:16 of 3rd period - Snap shot by Blake Comeau.
13:16 of 3rd period - Stopped by Jacob Markstrom without a rebound.
13:17 of 3rd period - Derek Roy wins face-off versus Zac Dalpe in Jets zone.
13:22 of 3rd period - Justin Abdelkader is hit by Derek Roy and loses puck.
13:41 of 3rd period - Slapshot by Zac Dalpe.
13:41 of 3rd period - Stopped by Jacob Markstrom with a rebound.
13:43 of 3rd period - Wrist shot by Blake Comeau.
13:43 of 3rd period - Shot Misses the Net.
13:45 of 3rd period - Slapshot by Marc-Édouard Vlasic.
13:45 of 3rd period - Stopped by Jacob Markstrom without a rebound.
13:46 of 3rd period - Evgeni Malkin wins face-off versus Derek Roy in Jets zone.
13:55 of 3rd period - Slapshot by Evgeni Malkin.
13:55 of 3rd period - Goal by Evgeni Malkin - Jets : 2 - Maple Leafs : 5.
13:56 of 3rd period - Benoit Pouliot wins face-off versus Evgeni Malkin in neutral zone.
13:58 of 3rd period - Minor Penalty to Benoit Pouliot for Hooking.
13:59 of 3rd period - Derek Roy wins face-off versus Evgeni Malkin in Jets zone.
15:07 of 3rd period - Minor Penalty to Tyler Myers for Boarding.
15:08 of 3rd period - Blake Wheeler wins face-off versus Evgeni Malkin in Jets zone.
15:18 of 3rd period - Blake Wheeler is hit by Alexander Frolov and loses puck.
15:37 of 3rd period - Wrist shot by Jordan Staal.
15:37 of 3rd period - Stopped by Jacob Markstrom with a rebound.
15:58 of 3rd period - Penalty to Benoit Pouliot is over, Benoit Pouliot is back on ice.
16:51 of 3rd period - Taylor Chorney is hit by Dmitri Kalinin and loses puck.
17:07 of 3rd period - Penalty to Tyler Myers is over, Tyler Myers is back on ice.
17:08 of 3rd period - Off-side.
17:09 of 3rd period - Eric Fehr wins face-off versus Zac Dalpe in neutral zone.
17:18 of 3rd period - Paul Gaustad is hit by Blake Comeau and loses puck.
17:24 of 3rd period - Icing by Eric Fehr.
17:25 of 3rd period - Paul Gaustad wins face-off versus Jordan Staal in Jets zone.
18:00 of 3rd period - Slapshot by Justin Schultz.
18:00 of 3rd period - Shot Blocked by Brent Seabrook.
18:02 of 3rd period - Snap shot by Jamie McBain.
18:02 of 3rd period - Stopped by Jacob Markstrom with a rebound.
18:04 of 3rd period - Snap shot by Fabian Brunnstrom.
18:04 of 3rd period - Deflect By Jordan Staal.
18:04 of 3rd period - Shot Misses the Net.
18:04 of 3rd period - Puck is out of play.
18:05 of 3rd period - Evgeni Malkin wins face-off versus Derek Roy in Jets zone.
18:09 of 3rd period - Minor Penalty to Evgeni Malkin for Slashing.
18:10 of 3rd period - Blake Comeau wins face-off versus Derek Roy in Maple Leafs zone.
18:26 of 3rd period - Snap shot by Claude Giroux.
18:26 of 3rd period - Stopped by Jacob Markstrom without a rebound.
18:27 of 3rd period - Blake Comeau wins face-off versus Derek Roy in Jets zone.
18:40 of 3rd period - Blake Comeau is hit by Derek Roy and loses puck.
18:51 of 3rd period - Braydon Coburn is hit by Blake Wheeler and loses puck.
Goals for this period are 0 for Jets vs 1 for Maple Leafs.
Shots for this period are 8 for Jets vs 17 for Maple Leafs.
Back to the Top